 Dungeon Crawl Stone Soup version 0.24.0-13-gcf9b3192b9 (console) character file.

Game seed: 2710099810086788800, levelgen mode: deterministic

53 AlterAsc the Changer (level 3, -11/23 HPs)
             Began as an Octopode Transmuter on Nov 6, 2019.
             Killed by divine providence
             ... invoked by an orc priest
              (13 damage)
             ... on level 3 of the Dungeon.
             The game lasted 00:03:48 (1821 turns).

AlterAsc the Changer (Octopode Transmuter)          Turns: 1821, Time: 00:03:48

Health: -11/23     AC:  1    Str: 10    XL:     3   Next: 89%
Magic:  4/6        EV: 13    Int: 15    God:
Gold:   33         SH:  0    Dex: 12    Spells: 4/7 levels left

rFire    . . .     SeeInvis .     - Unarmed
rCold    . . .     Gourm    .   (no shield)
rNeg     . . .     Faith    .   (helmet restricted)
rPois    .         Spirit   .   (no amulet)
rElec    .         Reflect  .   (no ring)
rCorr    .         Harm     .   (no ring)
MR       .....                  (no ring)
Stlth    ++........             (no ring)
HPRegen  0.07/turn              (no ring)
MPRegen  0.10/turn              (no ring)
                                (no ring)
                                (no ring)

@: no status effects
A: almost no armour, stealthy swim, amphibious, 8 rings, constrict 8, camouflage
1, gelatinous body 1
a: no special abilities


You were on level 3 of the Dungeon.
You were not hungry.

You visited 1 branch of the dungeon, and saw 4 of its levels.

You collected 33 gold pieces.

Inventory:

Missiles
 a - 50 arrows
 d - 7 curare-tipped darts (quivered)
Wands
 j - a wand of random effects (7)
Scrolls
 b - 2 scrolls of remove curse {unknown}
 e - a scroll of fear {unknown}
 g - a scroll of noise {unknown}
 k - a scroll of blinking {unknown}
 l - a scroll of random uselessness {unknown}
Potions
 f - a potion of magic {unknown}
 h - 2 potions of mutation {unknown}
Comestibles
 c - 2 rations
 i - a chunk of flesh


   Skills:
 - Level 1.1 Fighting
 - Level 2.0 Dodging
 - Level 3.0 Unarmed Combat
 + Level 2.6 Spellcasting
 * Level 3.4 Transmutations


You had 4 spell levels left.
You knew the following spells:

 Your Spells              Type           Power        Failure   Level  Hunger
a - Beastly Appendage     Tmut           ##....       4%          1    #......
b - Sticks to Snakes      Tmut           ##......     8%          2    ###....

Your spell library contained the following spells:

 Spells                   Type           Power        Failure   Level  Hunger
 Spider Form              Tmut/Pois      #.........   30%         3    ###....
 Ice Form                 Ice/Tmut       #.......     71%         4    #####..
 Blade Hands              Tmut           ##........   80%         5    ######.


Dungeon Overview and Level Annotations

Branches:
Dungeon (4/15)
 Temple: D:4-7

Altars:
Fedhas
Kikubaaqudgha


Innate Abilities, Weirdness & Mutations

You cannot wear most types of armour.
You are very stealthy in the water. (Stealth+)
You are amphibious.
You can wear up to eight rings at the same time.
You can use your tentacles to constrict eight enemies at once.
Your skin changes colour to match your surroundings (Stealth+).
Your rubbery body absorbs attacks. (AC +1, EV +1)


Message History

A leopard gecko comes into view.
The leopard gecko hisses angrily.
The leopard gecko bites you.
* * * LOW HITPOINT WARNING * * *
The leopard gecko misses you. The leopard gecko barely misses you.
A rat comes into view.
Casting: Sticks to Snakes (safe; 8% risk of failure)
Confirm with . or Enter, or press ? or * to list all spells.
You create a snake!
You now have 50 arrows.
The leopard gecko misses you. The rat bites you.
* * * LOW HITPOINT WARNING * * *
Your ball python bites the rat but does no damage.
Your ball python misses the rat.
The leopard gecko bites you.
* * * LOW HITPOINT WARNING * * *
The orc priest invokes the aid of Beogh against you.
Beogh smites you!
Ouch! That really hurt!
You die...

#.####### #.......#
#####....or.#
............########
............##.....#
.........o.S.r.....#
.....#########.....#
...............l...#
.....#########..@..#
.....# #.....#
.....# #.....#
..o..# #.......
..o..# #.....##.
#.#### ####... ..
#.# #..# # #.# ..#
..#


You could see an orc priest, a leopard gecko and a rat.

Vanquished Creatures
  An adder (D:2)
  2 dart slugs (D:1)
  A leopard gecko (D:1)
  A giant cockroach (D:1)
  7 goblins
  6 hobgoblins (D:1)
  4 kobolds (D:1)
  A quokka (D:2)
  A ball python (D:3)
  4 bats (D:1)
  4 frilled lizards
  4 rats (D:1)
36 creatures vanquished.

Vanquished Creatures (collateral kills)
  A rat (D:3)
1 creature vanquished.

Grand Total: 37 creatures vanquished

Notes
Turn   | Place    | Note
-------+----------+-------------------------------------------
     0 | D:1      | AlterAsc the Octopode Transmuter began the quest for the
                  | Orb.
     0 | D:1      | Reached XP level 1. HP: 13/13 MP: 3/3
   326 | D:1      | Reached XP level 2. HP: 12/18 MP: 3/5
   336 | D:1      | Learned a level 2 spell: Sticks to Snakes
   773 | D:1      | Reached XP level 3. HP: 23/23 MP: 4/6
  1579 | D:2      | You fall into a shaft and drop 2 floors!
  1615 | D:3      | HP: 1/23 [goblin/+0 dagger (4)]
  1744 | D:3      | Found a blossoming altar of Fedhas.
  1757 | D:3      | Found an ancient bone altar of Kikubaaqudgha.
  1821 | D:3      | Killed from afar by an orc priest

Levels and vault maps discovered:
D:1:      minmay_arrival_three_doors, layout_basic
D:2:      layout_basic, old_standard_altar, nicolae_gozag_seed_capital
D:3:      layout_basic, lemuel_doored_altar, nicolae_ru_sacrificial_ziggurat,
          fedhas_altar_2, kiku_gazebo_pond_becter
D:4:      layout_basic, enter_ossuary_1, minmay_fire_ice_demons

Skill      XL: |  1  2  3 |
---------------+----------+-----
Transmutations | 3 |  3.4
Fighting       | |  1.1
Dodging        | |  2.0
Unarmed Combat | |  3.0
Spellcasting   | |  2.6

Action                   || total
-------------------------++-------
Melee: Unarmed           ||    74
       Constrict         ||    23
       Tentacles         ||    12
       Kick              ||    14
       Punch             ||     2
 Cast: Beastly Appendage ||    16
       Sticks to Snakes  ||     4
 Stab: Sleeping          ||     2
  Eat: Chunk             ||     3
Armor: Skin              ||     7
Dodge: Dodged            ||    45
